 Dungeon Crawl Stone Soup version 0.30-a0-23-ge60ba3568b (webtiles) character file.

Game seed: 9409967214541850373

790 jlumianski the Chopper (level 7, 0/52 HPs)
             Began as a Demonspawn Gladiator on Aug 24, 2022.
             Was an Initiate of Qazlal.
             Slain by a yak (11 damage)
             ... on level 5 of the Dungeon.
             The game lasted 00:17:33 (5044 turns).

jlumianski the Chopper (Demonspawn Gladiator)       Turns: 5044, Time: 00:17:35

Health: 0/52       AC: 10    Str: 16    XL:     7   Next: 57%
Magic:  0/19       EV: 13    Int: 16    God:    Qazlal [......]
Gold:   263        SH:  0    Dex: 17    Spells: 3/10 levels left

rFire   . . .      SeeInvis .    t - +9 quarterstaff "Xoyntu Wehi" {vamp, Int+6 Dex+3}
rCold   . . .      Faith    .    (shield currently unavailable)
rNeg    . . .      Spirit   +    b - +0 leather armour
rPois   .          Reflect  .    c - +0 helmet
rElec   .          Harm     .    (no cloak)
rCorr   .          Rampage  .    (no gloves)
Will    .....                    k - +1 pair of boots
Stlth   +.........               (no amulet)
HPRegen 0.17/turn                l - ring of magical power
MPRegen 0.32/turn                (no ring)

@: ice-armoured, about to teleport, freezing walls
A: powered by pain 1, magic shield, magic regeneration, magic link
a: Renounce Religion


You were on level 5 of the Dungeon.
You worshipped Qazlal.
Qazlal was noncommittal.
You visited 1 branch of the dungeon, and saw 5 of its levels.

You collected 263 gold pieces.

Inventory:

Hand Weapons
 a - a +0 war axe
 m - a +0 sling
 r - a +2 dagger of speed
 t - the +9 quarterstaff "Xoyntu Wehi" (weapon) {vamp, Int+6 Dex+3}
   (You found it on level 4 of the Dungeon)

   It occasionally heals its wielder for a portion of the damage dealt when it
   wounds a living foe.
   Int:       It affects your intelligence (+6).
   Dex:       It affects your dexterity (+3).
 w - a +1 vorpal long sword
Missiles
 d - 3 throwing nets (quivered)
 e - a javelin
 j - 6 silver javelins
Armour
 b - a +0 leather armour (worn)
 c - a +0 helmet (worn)
 k - a +1 pair of boots (worn)
 s - a +0 kite shield
Jewellery
 l - a ring of magical power (left hand)
Scrolls
 f - a scroll of noise {unknown}
 i - 6 scrolls of teleportation
 u - a scroll of summoning {unknown}
Potions
 g - a potion of cancellation
 h - a potion of heal wounds
 n - a potion of might {unknown}
 o - a potion of mutation {unknown}
 p - 2 potions of curing {unknown}
 q - a potion of lignification
 v - a potion of flight {unknown}


   Skills:
 + Level 3.1 Fighting
 - Level 3.8 Axes
 * Level 2.5 Staves
 + Level 2.6 Ranged Weapons
 + Level 1.8 Throwing
 + Level 2.0 Armour
 + Level 3.4 Dodging
 - Level 0.4 Stealth
 * Level 2.4 Spellcasting
 * Level 3.0 Ice Magic


You had 3 spell levels left.
You knew the following spells:

 Your Spells              Type           Power      Damage    Failure   Level
a - Freeze                Ice            44%        1d6       7%          1
b - Frozen Ramparts       Ice            22%        1d4       22%         3
c - Ozocubu's Armour      Ice            11%        N/A       22%         3

Your spell library contained the following spells:

 Spells                   Type           Power      Damage    Failure   Level
 Blink                    Tloc           2%         N/A       36%         2
 Lesser Beckoning         Tloc           1%         N/A       58%         3
 Hailstorm                Conj/Ice       6%         3d4       78%         4
 Manifold Assault         Tloc           1%         N/A       100%        5
 Ozocubu's Refrigeration  Ice            5%         4d8       100%        7


Dungeon Overview and Level Annotations

Branches:
Dungeon (5/15)
 Temple: D:4-7

Altars:
Makhleb
Qazlal
Ru
Trog
Uskayaw
Wu Jian


Innate Abilities, Weirdness & Mutations

You sometimes gain a little power by taking damage.
When hurt, damage is shared between your health and your magic reserves.
You regenerate magic rapidly.
When low on magic, you restore magic in place of health.


Message History

The yak gores you but does no damage.
You hit the yak.
You feel better.
You kill the yak!
Qazlal accepts your kill.
The wall freezes the yak but does no damage.
The yak gores you but does no damage.
The wall freezes the yak.
The yak gores you but does no damage.
Your Staves skill increases to level 2!
Your Armour skill increases to level 2!
Your Ice Magic skill increases to level 3!
You sock the yak!
You feel better.
The yak is heavily wounded.
The frozen ramparts melt away.
The yak gores you. The yak misses you.
You thump the yak!
You feel better.
The yak is severely wounded.
The yak gores you but does no damage. The yak barely misses you.
A yak comes into view.
The yak gores you. x2
Casting: Ozocubu's Armour (dangerous; 22% risk of failure)
Confirm with . or Enter, or press ? or * to list all spells.
Casting: Frozen Ramparts (dangerous; 22% risk of failure)
Press: ? - help, Dir - look around, f - activate The walls around you are covered in ice.
The yak bellows!
The wall freezes the yak.
The yak gores you but does no damage.
A yak comes into view.
The wall freezes the yak.
The yak gores you.
The wall freezes the yak.
You hit the yak.
You feel better.
The yak is almost dead.
The wall freezes the yak.
The yak barely misses you.
The wall freezes the yak but does no damage.
The yak gores you.
The wall freezes the yak but does no damage. x2
As you read the scroll of teleportation, it crumbles to dust.
You feel strangely unstable.
The wall freezes the yak but does no damage.
The yak gores you!
* * * LOW HITPOINT WARNING * * *
The wall freezes the yak but does no damage.
The yak gores you!
You die...

##..... .......
##....... #.......
......# # #.....
###.####..# #.!Y.Y@†..#
......YY...# ..
+####..#...###..
#..##........
##..##.....#..
.#..........#
.....##.....#
..............###.....#
...##
....)..........#......#
. ....


You could see 4 yaks.

Vanquished Creatures
  A yak (D:5)
  A steam dragon (D:4)
  A howler monkey (D:4)
  3 hounds
  3 iron imps (D:3)
  A jelly (D:5)
  2 orc wizards (D:4)
  4 gnolls
  6 adders
  A shadow imp (D:5)
  An ufetubus (D:5)
  5 worms
  A dart slug (D:2)
  6 orcs
  6 bats
  8 endoplasms
  6 giant cockroaches
  6 goblins
  7 hobgoblins
  2 jackals (D:3)
  5 quokkas
  5 ball pythons
  A frilled lizard (D:1)
  7 kobolds
  14 rats
103 creatures vanquished.

Vanquished Creatures (others)
  A jackal (D:4)
1 creature vanquished.

Grand Total: 104 creatures vanquished

Notes
Turn   | Place    | Note
-------+----------+-------------------------------------------
     0 | D:1      | jlumianski the Demonspawn Gladiator began the quest for the
                  | Orb.
     0 | D:1      | Reached XP level 1. HP: 16/16 MP: 1/1
   541 | D:1      | Gained mutation: You regenerate magic rapidly. [demonic
                  | ancestry]
   541 | D:1      | Reached XP level 2. HP: 15/22 MP: 2/2
   861 | D:1      | Learned a level 1 spell: Freeze
  1068 | D:2      | Found a faded altar of an unknown god.
  1121 | D:2      | Gained mutation: You sometimes gain a little power by
                  | taking damage. [demonic ancestry]
  1121 | D:2      | Reached XP level 3. HP: 24/27 MP: 3/3
  2388 | D:3      | Reached XP level 4. HP: 33/33 MP: 4/4
  2396 | D:3      | Found a sacrificial altar of Ru.
  2736 | D:3      | Reached skill level 1 in Ice Magic
  2757 | D:3      | Found an ornate altar of the Wu Jian Council.
  2946 | D:3      | Reached skill level 1 in Armour
  3221 | D:3      | Reached skill level 1 in Spellcasting
  3221 | D:3      | Gained mutation: When hurt, damage is shared between your
                  | health and your magic reserves. [demonic ancestry]
  3221 | D:3      | Reached XP level 5. HP: 38/38 MP: 6/6
  3409 | D:3      | Reached skill level 1 in Ranged Weapons
  3528 | D:3      | Found a burning altar of Makhleb.
  3814 | D:5      | Entered Level 5 of the Dungeon
  3827 | D:5      | Gained mutation: When low on magic, you restore magic in
                  | place of health. [demonic ancestry]
  3827 | D:5      | Reached XP level 6. HP: 45/46 MP: 8/8
  3834 | D:5      | Learned a level 3 spell: Frozen Ramparts
  3917 | D:4      | Identified the +9 quarterstaff "Xoyntu Wehi" {vamp, Int+6
                  | Dex+3}
  4078 | D:4      | Found a stormy altar of Qazlal.
  4165 | D:4      | Became a worshipper of Qazlal Stormbringer
  4248 | D:4      | Noticed a steam dragon
  4276 | D:4      | Killed a steam dragon
  4277 | D:4      | Reached skill level 1 in Staves
  4472 | D:4      | Noticed a moth of wrath
  4476 | D:4      | Found a bloodstained altar of Trog.
  4829 | D:4      | Reached XP level 7. HP: 51/51 MP: 10/10
  4944 | D:5      | Learned a level 3 spell: Ozocubu's Armour
  4993 | D:5      | Found a hide-covered altar of Uskayaw.
  5025 | D:5      | Noticed a yak
  5028 | D:5      | Noticed a yak
  5031 | D:5      | Noticed a yak
  5039 | D:5      | Killed a yak
  5041 | D:5      | Noticed a yak
  5042 | D:5      | Noticed a yak
  5044 | D:5      | Slain by a yak

Illustrated notes

Levels and vault maps discovered:
D:1:      dpeg_arrival_round_a, layout_basic, chequers_serial_rivers_large_a
D:2:      layout_basic, basic_ecumenical_altar, corexii_leaking_fountain,
          hangedman_decor_peaks_small
D:3:      layout_rooms, nicolae_ru_awakened_eye, demons_altar,
          mainiacjoe_overflow_chevrons, serial_rivers,
          chequers_serial_rivers_micro_d, chequers_serial_rivers_room_a,
          chequers_serial_rivers_micro_b, chequers_serial_rivers_room_a,
          chequers_serial_rivers_room_b, chequers_serial_rivers_small_b,
          nicolae_elevator_lobby_plus
D:4:      minmay_chambers_of_fours, layout_loops_cross, tgw_trog,
          mainiacjoe_overflow_divided_tiny
D:5:      layout_cave_pools, kennysheep_mini, nicolae_uskayaw_dance_hall,
          mainiacjoe_overflow_alcove_4, minmay_crossroads

Skill      XL: |  1  2  3  4  5  6  7 |
---------------+----------------------+-----
Axes           | 3 |  3.8
Dodging        | 3 |  3.4
Ice Magic      | 1 2 3 |  3.0
Armour         | 1 2 |  2.0
Spellcasting   | 1 2 |  2.4
Ranged Weapons | 1 2 |  2.6
Staves         | 1 2 |  2.5
Fighting       | 3 |  3.1
Throwing       | |  1.8
Stealth        | |  0.4

Action                   |  1- 3 |  4- 6 |  7- 9 || total
-------------------------+-------+-------+-------++-------
Melee: War axe           |   132 |    82 |       ||   214
       Punch             |     1 |     2 |       ||     3
       Quarterstaff      |       |    33 |    40 ||    73
 Fire: Sling             |       |    84 |       ||    84
 Cast: Freeze            |       |     5 |       ||     5
       Frozen Ramparts   |       |     1 |     2 ||     3
       Ozocubu's Armour  |       |       |     1 ||     1
  Use: Scroll            |     3 |     1 |     1 ||     5
       Potion            |       |     1 |       ||     1
 Stab: Sleeping          |     1 |     1 |       ||     2
Armor: Leather armour    |    56 |    44 |    25 ||   125
Dodge: Dodged            |   103 |    68 |    31 ||   202

Table legend: (Time is in decaauts)
 A = Elapsed time spent in this place.
 B = Non-inter-level travel time spent in this place.
 C = Inter-level travel time spent in this place.
 D = Time resting spent in this place.
 E = Time spent auto-exploring this place.
 F = Levels seen in this place.
 G = Mean time per level.
                   A        B        C        D        E       F      G
               +--------+--------+--------+--------+--------+-----+--------+
         Total |   5177 |   5088 |     89 |    667 |   2766 |   5 | 1035.4 |
       Dungeon |   5177 |   5088 |     89 |    667 |   2766 |   5 | 1035.4 |
               +--------+--------+--------+--------+--------+-----+--------+

Top non-repeatable levels by time:
     D:1: 1563 daAuts
     D:3: 1497 daAuts
     D:4: 1094 daAuts
     D:2: 844 daAuts
     D:5: 177 daAuts
